 Dungeon Crawl Stone Soup version 0.31-a0-75-g6fe912e8c5 (webtiles) character file.

Game seed: 16938932094169936246

91 jlumianski the Trooper (level 4, -4/35 HPs)
             Began as a Demonspawn Fighter on May 24, 2023.
             Slain by Sigmund
             ... wielding a +0 scythe
              (10 damage)
             ... on level 2 of the Dungeon.
             The game lasted 00:03:51 (838 turns).

jlumianski the Trooper (Demonspawn Fighter)          Turns: 838, Time: 00:03:51

Health: -4/35      AC:  6    Str: 19    XL:     4   Next: 33%
Magic:  4/4        EV:  9    Int:  9    God:
Gold:   44         SH:  5    Dex: 18    Spells: 3/3 levels left

rFire   . . .        a - +0 war axe
rCold   . . .        c - +0 buckler
rNeg    . . .        b - +0 scale mail
rPois   .            (helmet restricted)
rElec   .            (no cloak)
rCorr   .            (no gloves)
SInv    .            (no boots)
Will    .....        (no amulet) Stlth
                     j - +6 ring of dexterity
HPRegen 0.25/turn    (no ring)
MPRegen 0.09/turn

%: no passive effects
@: no status effects
A: antennae 1, ignite blood 1
a: no special abilities


You were on level 2 of the Dungeon.
You visited 1 branch of the dungeon, and saw 3 of its levels.

You collected 70 gold pieces.
You spent 26 gold pieces at shops.

Inventory:

Hand Weapons
 a - a +0 war axe (weapon)
Missiles
 e - 2 stones (quivered)
Armour
 b - a +0 scale mail (worn)
 c - a +0 buckler (worn)
 i - a +0 pair of gloves
Jewellery
 j - a +6 ring of dexterity (left hand)
Scrolls
 f - a scroll of silence
 g - a scroll of fear
 k - a scroll of teleportation
Potions
 d - a potion of might


   Skills:
 + Level 3.5 Fighting
 + Level 3.0 Axes
 + Level 3.1 Armour
 + Level 0.2 Dodging
 + Level 3.1 Shields


You had 3 spell levels left.
You didn't know any spells.
Your spell library was empty.

Dungeon Overview and Level Annotations

Branches:
Dungeon (3/15)

Altars:

Shops:
D:2 ?[?

Annotations:
D:2 Sigmund


Innate Abilities, Weirdness & Mutations

You have a pair of small antennae on your head.
Your demonic aura sometimes causes spilled blood to erupt in flames.


Message History

You hit the hobgoblin.
You kill the hobgoblin!
Sigmund the Dreaded comes into view.
He is wielding a +0 scythe and carrying a wand of flame (18).
Sigmund shouts!
You hear a shout! x4
Sigmund casts a spell.
Sigmund flickers and vanishes!
Deactivating autopickup; reactivate with Ctrl-A.
You see here an adder corpse.
A magic dart appears from out of thin air!
The magic dart hits you.
A puff of flame appears from out of thin air!
The puff of flame hits you.
You hear a zap.
A puff of flame appears from out of thin air!
The puff of flame misses you.
There is a stone staircase leading down here.
You hear a zap.
A puff of flame appears from out of thin air!
The puff of flame misses you.
You hear a zap.
A puff of flame appears from out of thin air!
The puff of flame hits you but does no damage.
Something hits you.
You slash something!
You hear a zap.
A puff of flame appears from out of thin air!
The puff of flame hits you.
You closely miss something. Something hits you but does no damage.
You miss something.
You hear a zap.
A puff of flame appears from out of thin air!
The puff of flame hits you!
You hear a zap.
A puff of flame appears from out of thin air!
The puff of flame hits you.
* * * LOW HITPOINT WARNING * * *
You closely miss something.
A frilled lizard comes into view.
Something hits you!
You die...

#.#####.#..........#.#.....#.....
#.# #.#...>.#.#.##.#######.....
#.# #.#..........#.........#...
#.# #.####.##.#..##.####.###...
#.#####.####.##.#..##.# #..##...
#............##.......# ##......
........#..........#########.#...
##.##<.†..#..#####....l..# #.#...
##......###>....@{†.###.......#..
##.##...###.#######.# ..###..###
##..........# #†# ....#..
......####### #.# ..#.# #######
#.. .{.... ### ....... .##. #.


You could see a frilled lizard.

Vanquished Creatures
  Jessica (D:2)
  3 adders (D:2)
  2 worms (D:2)
  3 ball pythons
  3 endoplasms
  A giant cockroach (D:1)
  4 hobgoblins
  4 quokkas
  A bat (D:1)
  A frilled lizard (D:1)
  3 goblins (D:1)
  A kobold (D:2)
  7 rats
34 creatures vanquished.

Notes
Turn   | Place    | Note
-------+----------+-------------------------------------------
     0 | D:1      | jlumianski the Demonspawn Fighter began the quest for the
                  | Orb.
     0 | D:1      | Reached XP level 1. HP: 18/18 MP: 1/1
   208 | D:1      | Gained mutation: You have a pair of small antennae on your
                  | head. [demonic ancestry]
   208 | D:1      | Reached XP level 2. HP: 22/24 MP: 2/2
   355 | D:2      | Found Migawemn's Magic Scroll Emporium.
   359 | D:2      | Bought a scroll of identify for 26 gold pieces
   402 | D:2      | Gained mutation: Your demonic aura sometimes causes spilled
                  | blood to erupt in flames. [demonic ancestry]
   402 | D:2      | Reached XP level 3. HP: 29/29 MP: 3/3
   444 | D:2      | Found Ahot's Magic Scroll Shop.
   526 | D:2      | Found Cuateut's Antique Armour Boutique.
   715 | D:2      | Noticed Jessica
   717 | D:2      | Killed Jessica
   718 | D:2      | Reached XP level 4. HP: 35/35 MP: 4/4
   817 | D:2      | Noticed Sigmund
   838 | D:2      | Slain by Sigmund

Illustrated notes

Levels and vault maps discovered:
D:1:      psy_arrival_conway, layout_loops_ring, dreamdust_princess_bridge
D:2:      layout_loops_cross, hellmonk_ecumenical_altar_crossroads,
          serial_shops, shop, nicolae_shop_rolled_up, nicolae_shop_hallway_plus,
          shop, shop, uniq_robin, uniq_sigmund, uniq_jessica
D:3:      layout_basic, chequers_jeans

Skill      XL: |  1  2  3  4 |
---------------+-------------+-----
Shields        | 3 |  3.1
Axes           | 2 3 |  3.0
Armour         | 3 |  3.1
Fighting       | |  3.5
Dodging        | |  0.2

Action                     |  1- 3 |  4- 6 || total
---------------------------+-------+-------++-------
  Melee: War axe           |    78 |     6 ||    84
    Use: Scroll            |     2 |     1 ||     3
 Armour: Scale mail        |    27 |     3 ||    30
  Dodge: Dodged            |    32 |     2 ||    34
  Block: Buckler           |    16 |       ||    16

Table legend: (Time is in decaauts)
 A = Elapsed time spent in this place.
 B = Non-inter-level travel time spent in this place.
 C = Inter-level travel time spent in this place.
 D = Time resting spent in this place.
 E = Time spent auto-exploring this place.
 F = Levels seen in this place.
 G = Mean time per level.
                   A        B        C        D        E       F      G
               +--------+--------+--------+--------+--------+-----+--------+
         Total |    874 |    874 |      0 |      0 |    496 |   3 |  291.3 |
       Dungeon |    874 |    874 |      0 |      0 |    496 |   3 |  291.3 |
               +--------+--------+--------+--------+--------+-----+--------+

Top non-repeatable levels by time:
     D:2: 521 daAuts
     D:1: 346 daAuts
     D:3: 6 daAuts
